 Dungeon Crawl Stone Soup version 0.17-a0-2093-gc772f4b (webtiles) character file.

2127 ololoev the Conjurer (level 9, 57/57 HPs)
             Began as a Demonspawn Fire Elementalist on Oct 16, 2015.
             Was a Believer of Vehumet.
             Quit the game on level 7 of the Dungeon.
             The game lasted 00:24:04 (6742 turns).

ololoev the Conjurer (Demonspawn Fire Elementalist) Turns: 6742, Time: 00:24:04

Health: 57/57      AC:  5    Str:  8    XL:     9   Next: 8%
Magic:  9/17       EV: 12    Int: 20    God:    Vehumet [**....]
Gold:   596        SH:  0    Dex: 16    Spells: 4 memorised, 6 levels left

rFire  + . .     SeeInvis .     z - +2 quarterstaff (chaos)
rCold  . . .     Clarity  .     y - +0 robe (curse)
rNeg   . . .     SustAt   .     (no shield)
rPois  .         Gourm    .     (no helmet)
rElec  .         Spirit   .     (no cloak)
rCorr  .         Warding  .     i - +0 pair of gloves
rMut   .         Stasis   .     (no boots)
MR     +....                    (no amulet)
Stlth  ++........               n - +2 ring of protection
                                D - ring of protection from magic

@: very slightly contaminated, somewhat resistant to hostile enchantments,
unstealthy
A: claws 2, thin skeletal structure 1, fire resistance 1, powered by death 1
a: Renounce Religion


Innate Abilities, Weirdness & Mutations

You have very sharp fingernails.
You have a somewhat thin skeletal structure (Dex +2, Stealth).
Your flesh is heat resistant.
You regenerate a little health from kills.

Inventory:

Hand Weapons
 z - a +2 quarterstaff of chaos (weapon)
 C - a +2 dagger of protection
Armour
 i - a +0 pair of gloves (worn)
 y - a cursed +0 robe (worn)
Jewellery
 n - a +2 ring of protection (right hand)
 r - an uncursed ring of poison resistance
 t - an uncursed ring of protection from cold
 D - a ring of protection from magic (left hand)
Wands
 m - a wand of hasting (3)
 H - a wand of lightning (0)
Scrolls
 f - 8 scrolls of teleportation
 h - a scroll of recharging {unknown}
 j - 6 scrolls of remove curse {unknown}
 s - 3 scrolls of blinking {unknown}
 x - 3 scrolls of fog {unknown}
 E - a scroll of enchant armour {unknown}
Potions
 a - a potion of ambrosia
 e - a potion of heal wounds
 g - a potion of might {unknown}
 k - 2 potions of berserk rage
 o - a potion of agility
 q - 2 potions of haste
 v - a potion of lignification
 w - 2 potions of curing
 A - 2 potions of invisibility
 B - a potion of flight
 F - a potion of magic
 G - a potion of resistance
Books
 b - a book of Flames

   Spells                             Type                      Level
   a - Flame Tongue                   Conjuration/Fire             1
   b - Throw Flame                    Conjuration/Fire             2
   c - Conjure Flame                  Conjuration/Fire             3
   d - Inner Flame                    Hexes/Fire                   3
   e - Sticky Flame                   Conjuration/Fire             4
   f - Fireball                       Conjuration/Fire             5
 p - a book of Fire

   Spells                             Type                      Level
   a - Ignite Poison                  Fire/Transmutation/Poison    3
   b - Fireball                       Conjuration/Fire             5
   c - Bolt of Fire                   Conjuration/Fire             6
   d - Delayed Fireball               Conjuration/Fire             7
   e - Ring of Flames                 Charms/Fire                  7
Comestibles
 c - 5 bread rations
 d - a royal jelly
 l - 6 fruits
 u - a meat ration


   Skills:
 - Level 1.7 Dodging
 - Level 1.7 Stealth
 + Level 5.8 Spellcasting
 + Level 7.7 Conjurations
 * Level 7.0 Fire Magic


You had 6 spell levels left.
You knew the following spells:

 Your Spells              Type           Power        Failure   Level  Hunger
a - Flame Tongue          Conj/Fire      #####        1%          1    None
b - Conjure Flame         Conj/Fire      #####...     1%          3    ##.....
c - Sticky Flame          Conj/Fire      #####...     8%          4    ####...
d - Fireball              Conj/Fire      #####.....   17%         5    #####..


You were on level 7 of the Dungeon.
You worshipped Vehumet.
Vehumet was pleased with you.
You were very hungry.

You visited 2 branches of the dungeon, and saw 8 of its levels.
You also visited: Ossuary.

You collected 596 gold pieces.

#.# ###.########## .##
##......#.....## %..#
##......<.......# #.o.##
#................
....?.##................
.......)......>.........
.......#>...............
.....))@................
.................>......
...####.#..............#
# ..........##.....##
###..........######
##.......#.#
#####...#..# ##... ..

Notes
Turn   | Place    | Note
--------------------------------------------------------------
     0 | D:1      | ololoev the Demonspawn Fire Elementalist began the quest for the Orb.
     0 | D:1      | Reached XP level 1. HP: 13/13 MP: 3/3
   269 | D:1      | Gained mutation: You regenerate a little health from kills. [demonic ancestry]
   269 | D:1      | Reached XP level 2. HP: 8/19 MP: 0/5
   753 | D:1      | Reached skill level 3 in Fire Magic
   771 | D:1      | You fall through a shaft!
   947 | D:2      | Gained mutation: You have sharp fingernails. [demonic ancestry]
   947 | D:2      | Reached XP level 3. HP: 24/24 MP: 6/6
  1707 | D:2      | Learned a level 3 spell: Conjure Flame
  1927 | D:2      | Noticed Terence
  1970 | D:2      | Killed Terence
  1970 | D:2      | Gained mutation: You have a somewhat thin skeletal structure (Dex +2, Stealth). [demonic ancestry]
  1970 | D:2      | Reached XP level 4. HP: 6/30 MP: 0/8
  2232 | D:3      | Reached XP level 5. HP: 8/35 MP: 0/9
  2553 | D:3      | Reached skill level 4 in Conjurations
  2561 | D:3      | Learned a level 4 spell: Sticky Flame
  2919 | D:4      | Noticed an ogre
  2978 | D:4      | Noticed Edmund
  3036 | D:4      | Killed an ogre
  3036 | D:4      | Gained mutation: You have very sharp fingernails. [demonic ancestry]
  3036 | D:4      | Reached XP level 6. HP: 41/41 MP: 4/11
  3647 | D:4      | Killed Edmund
  3647 | D:4      | Reached skill level 5 in Conjurations
  3647 | D:4      | Reached XP level 7. HP: 46/46 MP: 0/13
  4318 | D:4      | Found a staircase to the Ecumenical Temple.
  4331 | Temple   | Entered the Ecumenical Temple
  4399 | Temple   | Became a worshipper of Vehumet
  4423 | D:5      | Entered Level 5 of the Dungeon
  4574 | D:5      | Found a sparkling altar of Nemelex Xobeh.
  4601 | D:5      | Found a glowing silver altar of Zin.
  4603 | D:5      | Found a shadowy altar of Dithmenos.
  4604 | D:5      | Found a basalt altar of Yredelemnul.
  4604 | D:5      | Found a shattered altar of Ashenzari.
  4607 | D:5      | Found a burning altar of Makhleb.
  4608 | D:5      | Found a glowing golden altar of the Shining One.
  4657 | D:5      | Noticed Menkaure
  4681 | D:5      | Killed Menkaure
  4681 | D:5      | Reached skill level 6 in Conjurations
  4785 | D:5      | Noticed Crazy Yiuf
  4796 | D:5      | Killed Crazy Yiuf
  5192 | D:5      | Reached XP level 8. HP: 52/52 MP: 5/15
  5466 | D:5      | Reached skill level 5 in Fire Magic
  5557 | D:6      | Reached * piety under Vehumet
  5557 | D:6      | Offered knowledge of Freeze by Vehumet.
  5677 | D:6      | Reached skill level 5 in Spellcasting
  5769 | D:6      | Found a sand-covered staircase.
  5776 | Ossuary  | Entered an ossuary
  5943 | Ossuary  | Reached skill level 7 in Conjurations
  6230 | D:6      | Learned a level 5 spell: Fireball
  6299 | D:6      | Noticed Grinder
  6303 | D:6      | Killed Grinder
  6303 | D:6      | Reached ** piety under Vehumet
  6314 | D:6      | Offered knowledge of Searing Ray by Vehumet.
  6347 | D:6      | Found a bloodstained altar of Trog.
  6410 | D:6      | Found a sparkling altar of Nemelex Xobeh.
  6729 | D:7      | Gained mutation: Your flesh is heat resistant. [demonic ancestry]
  6729 | D:7      | Reached XP level 9. HP: 57/57 MP: 17/17
  6742 | D:7      | Quit the game

Dungeon Overview and Level Annotations

Branches:
Dungeon (7/15)             Temple (1/1) D:4

Altars:
Ashenzari
Cheibriados
Dithmenos
Elyvilon
Fedhas
Gozag
Kikubaaqudgha
Makhleb
Nemelex Xobeh
Okawaru
Qazlal
Ru
Sif Muna
Trog
Vehumet
Xom
Yredelemnul
Zin
The Shining One


Message History

The fireball explodes!
The fireball engulfs the orc priest.
The orc priest is almost dead.
The fireball engulfs the orc warrior.
You kill the orc warrior!
Vehumet accepts your kill.
You are feeling very hungry.
Unknown command.
Unknown command.
Casting: Fireball
Confirm with . or Enter, or press ? or * to list all spells.
Aiming: Flame Tongue
Press: ? - help, Shift-Dir - straight line, f - orc priest
Aim: an orc priest, wielding a mace (almost dead)
You miscast Flame Tongue.
You are very lightly contaminated with residual magic.
Nothing appears to happen.
Casting: Flame Tongue
Confirm with . or Enter, or press ? or * to list all spells.
Aiming: Flame Tongue
Press: ? - help, Shift-Dir - straight line, f/p - orc priest
Aim: an orc priest, wielding a mace (almost dead)
The flame tongue misses the orc priest.
The orc priest looks braver for a moment.
Casting: Flame Tongue
Confirm with . or Enter, or press ? or * to list all spells.
Aiming: Flame Tongue
Press: ? - help, Shift-Dir - straight line, f/p - orc priest
Aim: an orc priest, wielding a mace (almost dead)
The flame tongue hits the orc priest.
You kill the orc priest!
Vehumet accepts your kill.
Your Fire Magic skill increases to level 7!
An orc comes into view. It is wielding a hand axe.
Found a beef jerky.
Things that are here:
a war axe; a scale mail; an orc corpse You butcher the orc corpse.
Things that are here:
a war axe; a scale mail; 3 chunks of flesh Are you sure you want to abandon this character and quit the game? (Confirm with "yes".)

You could see an orc.

Vanquished Creatures
  Grinder (D:6)
  Menkaure (D:5)
  Edmund (D:4)
  An orc warrior (D:7)
  An eye of draining (D:6)
  A phantom (D:6)
  2 ogres
  A gnoll sergeant (D:6)
  A giant frog (D:6)
  A scorpion (D:6)
  4 orc priests
  5 hounds
  A giant frog zombie (D:5)
  3 giant frog skeletons
  Crazy Yiuf (D:5)
  3 orc wizards
  3 iguanas
  Terence (D:2)
  3 worker ants
  8 mummies (Ossuary)
  2 hound skeletons
  10 adders
  6 gnolls (D:6)
  2 shadow imps (D:6)
  2 oozes (D:5)
  2 worms
  7 giant geckos
  19 orcs
  A ball python (D:3)
  5 giant cockroaches
  4 hobgoblins
  5 kobolds
  6 quokkas
  12 bats
  5 giant newts
  2 gnoll zombies (Ossuary)
  7 goblins
  A hobgoblin zombie (Ossuary)
  9 jackals
  2 kobold zombies (Ossuary)
  3 orc zombies (Ossuary)
  6 rats
161 creatures vanquished.

Action                   |  1- 3 |  4- 6 |  7- 9 || total
-------------------------+-------+-------+-------++-------
Melee: Dagger            |   138 |    50 |       ||   188
       Unarmed           |     7 |       |       ||     7
       War axe           |       |    65 |    15 ||    80
       Quarterstaff      |       |       |    91 ||    91
 Cast: Flame Tongue      |    39 |    52 |   128 ||   219
       Sticky Flame      |       |     3 |     7 ||    10
       Conjure Flame     |       |     2 |    11 ||    13
       Fireball          |       |       |     3 ||     3
Evoke: Wand              |       |       |     4 ||     4
  Use: Potion            |       |     6 |     1 ||     7
       Scroll            |       |       |    10 ||    10
 Stab: Sleeping          |     4 |     1 |     6 ||    11
  Eat: Chunk             |     4 |     5 |     8 ||    17
       Meat ration       |       |       |     1 ||     1

Vault maps used:
D:1:      minmay_arrival_cross
D:2:      uniq_terence
D:3:      first_bread
D:4:      minmay_temple_entry_nine_rooms, grunt_decor_arrowhead, uniq_edmund
D:5:      grunt_temple_overflow_open, nemelex_dance_club_becter, uniq_menkaure,
          uniq_crazy_yiuf_cottage
D:6:      trog_eyes_of_draining, enter_ossuary_5, nemelex_lonely_heart_becter,
          uniq_grinder
Temple:   temple_eino_lava_12
Ossuary:  ossuary_tomb_3
